 Dungeon Crawl Stone Soup version 0.23-a0-586-gacb4b3f (webtiles) character file.

1540 KristoblXynda the Slasher (level 8, 0/94 HPs)
             Began as a Grey Draconian Fighter on Dec 19, 2018.
             Slain by a gnoll
             ... wielding a +0 whip
              (8 damage)
             ... on level 5 of the Dungeon.
             The game lasted 00:08:20 (4010 turns).

KristoblXynda the Slasher (Grey Draconian Fighter)  Turns: 4010, Time: 00:08:20

Health: 0/94       AC: 12    Str: 25    XL:     8   Next: 56%
Magic:  8/8        EV: 14    Int: 10    God:
Gold:   260        SH: 10    Dex: 10    Spells: 7/7 levels left

rFire    . . .     SeeInvis .   a - +0 long sword
rCold    + . .     Gourm    .   b - +0 shield
rNeg     . . .     Faith    .   (armour unavailable)
rPois    .         Spirit   .   (helmet restricted)
rElec    .         Reflect  .   e - +0 cloak (curse)
rCorr    .         Harm     .   (no gloves)
MR       .....                  (no boots)
Stlth    ..........             (no amulet)
HPRegen  0.25/turn              n - +2 ring of evasion
MPRegen  0.11/turn              h - ring of protection from cold

@: berserking, very quick
A: walk through water, unfitting armour, unbreathing, cold-blooded, AC +11
a: no special abilities


You were on level 5 of the Dungeon.
You were hungry.

You visited 1 branch of the dungeon, and saw 5 of its levels.

You collected 260 gold pieces.

Inventory:

Hand Weapons
 a - a +0 long sword (weapon)
 c - the +10 mace of Eternal Vigilance {chaos, MR+}
   (You took it off Blork the orc on level 4 of the Dungeon)

   Each time it hits an enemy it has a different, random effect.
   It affects your resistance to hostile enchantments.
Missiles
 g - 2 throwing nets (quivered)
Armour
 b - a +0 shield (worn)
 e - a cursed +0 cloak (worn)
Jewellery
 h - a ring of protection from cold (right hand)
 n - a +2 ring of evasion (left hand)
 p - an uncursed ring of positive energy
Scrolls
 i - 2 scrolls of remove curse
Potions
 f - a potion of agility {unknown}
 j - a potion of ambrosia
 m - 2 potions of flight
 s - a potion of haste
Comestibles
 d - 5 rations


   Skills:
 - Level 3.2 Fighting
 * Level 7.9 Long Blades
 + Level 5.6 Dodging
 + Level 6.1 Shields


You had 7 spell levels left.
You didn't know any spells.
Your spell library was empty.

Dungeon Overview and Level Annotations

Branches:
Dungeon (5/15)
 Temple: D:4-7

Altars:
Uskayaw


Innate Abilities, Weirdness & Mutations

You can walk through water.
Your dull iron-grey scales are very hard. (AC +11)
You cannot fit into any form of body armour.
You can survive without breathing.
You are cold-blooded and may be slowed by cold attacks.


Message History

Unknown command.
You completely miss the gnoll. You block the gnoll's attack.
The gnoll hits you with a +0 club.
* * * LOW HITPOINT WARNING * * *
The gnoll closely misses you. x2
You slice the gnoll!!
You kill the gnoll!
The sky beast flickers out of sight!
Deactivating autopickup; reactivate with Ctrl-A.
The gnoll misses you.
You riposte.
You slash the gnoll!
Your tail-slap misses the gnoll.
The gnoll is severely wounded.
You block the gnoll's attack.
You hit the gnoll.
The gnoll is almost dead.
The gnoll hits you but does no damage.
You closely miss the gnoll.
Your tail-slap misses the gnoll.
The gnoll is moderately wounded.
The gnoll hits you with a +0 whip!
You die...

...........#
...........#
...........# ..........#
#########+##........###'
...........#............
...........+....g.......
...........#...g@g......
##.######.##...g........
##.######.#....##'######
......#...'...(# ...
......#...#....# ....#
##..#######....#######
##..#................#
##..#..................
##..#>.................


You could see 4 gnolls.

Vanquished Creatures
  Pikel (D:4)
  Menkaure (D:5)
  An ice beast (D:5)
  2 ogres
  Blork the orc (D:4)
  A gnoll sergeant (D:5)
  A scorpion (D:4)
  A crimson imp (D:5)
  2 hounds (D:4)
  Crazy Yiuf (D:4)
  2 worker ants
  An orc wizard (D:4)
  4 gnolls (D:5)
  9 adders
  A shadow imp (D:5)
  An adder skeleton (D:4)
  A worm (D:4)
  3 dart slugs
  5 leopard geckos
  3 orcs
  3 ball pythons
  12 bats
  4 giant cockroaches
  6 goblins
  5 hobgoblins
  4 jackals (D:4)
  2 quokkas (D:4)
  7 frilled lizards
  7 kobolds
  A quokka skeleton (D:4)
  6 rats
99 creatures vanquished.

Vanquished Creatures (others)
  Eustachio (D:4)
  A dart slug (D:2)
  A goblin (D:2)
3 creatures vanquished.

Grand Total: 102 creatures vanquished

Notes
Turn   | Place    | Note
-------+----------+-------------------------------------------
     0 | D:1      | KristoblXynda the Draconian Fighter began the quest for the
                  | Orb.
     0 | D:1      | Reached XP level 1. HP: 19/19 MP: 1/1
   127 | D:1      | Reached XP level 2. HP: 19/26 MP: 2/2
   641 | D:2      | Reached XP level 3. HP: 31/31 MP: 3/3
   702 | D:2      | Reached skill level 3 in Long Blades
   847 | D:2      | Found a faded altar of an unknown god.
   980 | D:2      | Reached XP level 4. HP: 30/38 MP: 4/4
  1878 | D:3      | Reached skill level 4 in Long Blades
  1878 | D:3      | Reached XP level 5. HP: 45/45 MP: 5/5
  2134 | D:4      | Noticed Eustachio
  2153 | D:4      | Noticed Pikel
  2248 | D:4      | Noticed an ogre
  2451 | D:4      | Found a hide-covered altar of Uskayaw.
  2554 | D:4      | Killed an ogre
  2554 | D:4      | Reached skill level 5 in Long Blades
  2554 | D:4      | Reached XP level 6. HP: 37/51 MP: 6/6
  2585 | D:4      | Noticed a slave
  2621 | D:4      | Noticed a slave
  2626 | D:4      | Noticed a slave
  2637 | D:4      | Noticed a slave
  2672 | D:4      | Killed Pikel
  2672 | D:4      | Reached skill level 6 in Long Blades
  2672 | D:4      | Reached skill level 5 in Shields
  2672 | D:4      | Your scales start taking on a dull iron-grey colour.
  2672 | D:4      | Reached XP level 7. HP: 20/57 MP: 7/7
  2672 | D:4      | Gained mutation: You can survive without breathing. [Grey
                  | Draconian growth]
  2682 | D:4      | Killed Eustachio
  3036 | D:4      | Identified the +10 mace of Eternal Vigilance {chaos, MR+}
  3036 | D:4      | Noticed Blork the orc
  3063 | D:4      | Killed Blork the orc
  3063 | D:4      | Reached skill level 5 in Dodging
  3063 | D:4      | Reached XP level 8. HP: 25/63 MP: 8/8
  3391 | D:4      | Found a runed door.
  3395 | D:4      | Noticed Crazy Yiuf
  3398 | D:4      | Killed Crazy Yiuf
  3398 | D:4      | Reached skill level 7 in Long Blades
  3409 | D:4      | Got a steaming mace
  3410 | D:4      | Identified the +4 mace of Caopeihi {speed, +Inv rPois MR-}
                  | (You found it on level 4 of the Dungeon)
  3547 | D:5      | Entered Level 5 of the Dungeon
  3688 | D:5      | Noticed Menkaure
  3699 | D:5      | Killed Menkaure
  4010 | D:5      | Slain by a gnoll

Vault maps used:
D:1:      minmay_arrival_diagonal_passages
D:2:      chequers_ecumenical_altar_island, lemuel_flame_loot_1
D:4:      lemuel_round_altar, first_ration, uniq_pikel, uniq_eustachio,
          uniq_crazy_yiuf_cottage, uniq_blork_the_orc
D:5:      wander_river, uniq_menkaure, uniq_duvessa

Skill      XL: |  1  2  3  4  5  6  7  8 |
---------------+-------------------------+-----
Dodging        | 3 4 5 |  5.6
Long Blades    | 3 4 5 6 7 |  7.9
Shields        | 4 5 6 |  6.1
Fighting       | |  3.2

Action                   |  1- 3 |  4- 6 |  7- 9 || total
-------------------------+-------+-------+-------++-------
Melee: Long sword        |   117 |   149 |   118 ||   384
       Tailslap          |    13 |    16 |    21 ||    50
  Use: Scroll            |       |    14 |       ||    14
       Potion            |       |     4 |     4 ||     8
  Eat: Chunk             |       |     2 |     1 ||     3
       Ration            |       |     1 |     1 ||     2
Armor: Skin              |    36 |   124 |    36 ||   196
Dodge: Dodged            |    83 |   145 |    59 ||   287
Block: Shield            |    65 |    97 |    78 ||   240
       Buckler           |       |    16 |       ||    16
       Rpst.: Long sword |    25 |    35 |    22 ||    82

Table legend:
 A = Non-vault XP
 B = Vault XP
 C = Vault XP percentage of total XP
 D = Non-vault monster count
 E = Vault monster count
 F = Vault count percentage of total count
                 A         B        C        D         E       F
            +---------+---------+-------+---------+---------+-------
      Total |    1088 |    1113 |  50.6 |      95 |       5 |   5.0
            +---------+---------+-------+---------+---------+-------
        D:1 |      39 |       0 |   0.0 |      23 |       0 |   0.0
        D:2 |      81 |       0 |   0.0 |      21 |       0 |   0.0
        D:3 |     108 |       0 |   0.0 |      16 |       0 |   0.0
        D:4 |     365 |     948 |  72.2 |      23 |       4 |  14.8
        D:5 |     495 |     165 |  25.0 |      12 |       1 |   7.7
            +---------+---------+-------+---------+---------+-------
